[Event "Team 45 45 League T53"]
[Site "Internet Chess Club"]
[Date "2012.06.24"]
[Round "6"]
[White "HelioAraujo"]
[Black "DarkFlow"]
[Result "1/2-1/2"]
[WhiteElo "1896"]
[BlackElo "1932"]
[Opening "English: closed system"]
[ECO "A25"]
[Time "08:00:31"]
[TimeControl "2700+45"]

1. c4 e5 2. g3 Nc6 3. Bg2 g6 4. Nc3 Bg7 5. e4 Nge7 6. Nge2 O-O 7. O-O d6 8. d3
Be6 9. Nd5 f5 10. Be3 Qd7 11. Qd2 fxe4 12. dxe4 a6 13. Rac1 Rad8 14. b3 Rf7 15.
a4 a5 16. Nec3 Bxd5 17. cxd5 Nb4 18. h4 c5 19. Kh2 Kh8 20. Bh3 Qc7 21. Nb5 Qb6
22. Be6 Rff8 23. Bg5 Bf6 24. Bh6 Bg7 25. Bg5 Bf6 26. Bh6 {Game drawn by mutual
agreement} 1/2-1/2

[Event "Team 45 45 League T53"]
[Site "Internet Chess Club"]
[Date "2012.06.22"]
[Round "6"]
[White "KW-Winner"]
[Black "JustinL"]
[Result "0-1"]
[WhiteElo "1942"]
[BlackElo "1922"]
[Opening "Queen's pawn, Mason variation"]
[ECO "D00"]
[Time "11:00:42"]
[TimeControl "2700+45"]

1. d4 d5 2. Bf4 Nf6 3. c4 e6 4. e3 Bd6 5. Bg3 Bxg3 6. hxg3 b6 7. Bd3 dxc4 8.
Bxc4 Bb7 9. Nf3 c5 10. O-O cxd4 11. Nxd4 O-O 12. Qb3 Nc6 13. Rd1 Qe7 14. Be2
Rfd8 15. Nxc6 Bxc6 16. Nc3 h6 17. Rac1 Qb7 18. Nb5 Rxd1+ 19. Qxd1 Bxg2 20. Rc7
Qd5 21. Qxd5 Bxd5 22. Rxa7 Rxa7 23. Nxa7 Bxa2 24. Nc8 Nd5 25. e4 Nf6 26. f3 Nd7
27. Bb5 Ne5 28. Kf2 Bc4 29. Bxc4 Nxc4 30. b4 Kf8 31. Na7 Ke8 32. Nb5 Kd7 33. Ke2
Nd6 34. Nc3 Kc6 35. e5 Nb5 36. Ne4 Kd5 37. Kd3 Kxe5 38. Nf2 Nd6 39. f4+ Kd5 40.
g4 e5 41. fxe5 Kxe5 42. Ke3 Nc4+ 43. Kd3 b5 44. Nh3 Kd5 45. Nf4+ Ke5 46. Ne2 Nd6
47. Ke3 f5 48. gxf5 Nxf5+ 49. Kf2 Nd4 50. Nc3 g5 51. Kg3 h5 52. Kh3 Kf4 53. Nd5+
Kf3 54. Nf6 g4+ 55. Kh2 h4 56. Nh5 g3+ 57. Kg1 h3 {White resigns} 0-1

[Event "Team 45 45 League T53"]
[Site "Internet Chess Club"]
[Date "2012.06.23"]
[Round "6"]
[White "Packerfan"]
[Black "ghostfire"]
[Result "0-1"]
[WhiteElo "1846"]
[BlackElo "1776"]
[Opening "Sicilian: Alapin's variation (2.c3)"]
[ECO "B22"]
[Time "14:00:23"]
[TimeControl "2700+45"]

1. e4 c5 2. c3 Nf6 3. e5 Nd5 4. d4 cxd4 5. Qxd4 e6 6. Nf3 Be7 7. Qg4 Rg8 8. Bd3
g6 9. O-O h5 10. Qg3 Nc6 11. Nbd2 g5 12. Ne4 g4 13. Nd6+ Bxd6 14. exd6 f5 15.
Re1 Qf6 16. Bg5 Qg7 17. Qh4 gxf3 18. Qxh5+ Qg6 19. Qxf3 Qxg5 20. Qxd5 Kf7 21.
Qf3 b6 22. Bc4 Bb7 23. h4 Qg4 24. Qxg4 Rxg4 25. g3 Rxc4 26. f4 Re4 27. Kf2 Rxe1
28. Rxe1 Rh8 29. a4 Na5 30. Rd1 Bd5 31. b4 Nc4 32. a5 bxa5 33. bxa5 Nxd6 34. Rb1
Ne4+ {White resigns} 0-1

[Event "Team 45 45 League T53"]
[Site "Internet Chess Club"]
[Date "2012.06.25"]
[Round "6"]
[White "Egmont"]
[Black "Nathan-L"]
[Result "1-0"]
[WhiteElo "1761"]
[BlackElo "1685"]
[Opening "Queen's pawn, Mason variation"]
[ECO "D00"]
[Time "13:00:22"]
[TimeControl "2700+45"]

1. d4 d5 2. Bf4 e6 3. e3 c5 4. c3 Qb6 5. Qb3 Qxb3 6. axb3 cxd4 7. exd4 Nc6 8.
Nf3 Nf6 9. Be2 Nh5 10. Bc7 Be7 11. Ne5 Nxe5 12. Bxe5 Nf6 13. Na3 a6 14. Nb5 O-O
15. Nc7 Ra7 16. O-O Bd7 17. b4 Ne4 18. b5 b6 19. Rxa6 Rxc7 20. Bxc7 Nd2 21. Rfa1
Nb3 22. R1a4 Nc1 23. Bf1 h6 24. Bxb6 Kh7 25. Ra7 Bxb5 26. Bxb5 Bg5 27. Ra8 Rxa8
28. Rxa8 Nb3 29. Bd3+ g6 30. Bc2 Nd2 31. Bd8 Bxd8 32. Rxd8 Nc4 33. b4 Kg7 34. b5
Kf6 35. Kf1 Nd2+ 36. Ke2 Nc4 37. Bd3 Nb6 38. Rd6 Nc8 39. Ra6 Ke7 40. b6 Nxb6 41.
Rxb6 {Black resigns} 1-0

[Event "Team 45 45 League T53"]
[Site "Internet Chess Club"]
[Date "2012.06.25"]
[Round "6"]
[White "Truxton"]
[Black "mitus"]
[Result "1-0"]
[WhiteElo "1901"]
[BlackElo "1813"]
[Opening "Queen's pawn game, Chigorin variation"]
[ECO "A04"]
[Time "17:01:11"]
[TimeControl "2700+45"]

1. Nf3 Nc6 2. d4 d5 3. Bf4 e6 4. e3 Bd6 5. Be2 Bxf4 6. exf4 Qf6 7. Qd2 Nge7 8.
Nc3 Bd7 9. O-O-O O-O 10. h4 Ng6 11. g3 Qf5 12. h5 Nge7 13. g4 Qf6 14. g5 {Black
resigns} 1-0

[Event "Team 45 45 League T53"]
[Site "Internet Chess Club"]
[Date "2012.06.23"]
[Round "6"]
[White "KingOfKings"]
[Black "wildkingdumb2"]
[Result "1/2-1/2"]
[WhiteElo "1610"]
[BlackElo "1719"]
[Opening "Sicilian: Alapin's variation (2.c3)"]
[ECO "B22"]
[Time "22:00:38"]
[TimeControl "2700+45"]

1. e4 c5 2. c3 d5 3. exd5 Qxd5 4. d4 cxd4 5. cxd4 Nc6 6. Be3 e5 7. Nc3 Bb4 8.
dxe5 Qxe5 9. Rc1 Nf6 10. Nf3 Qe7 11. Bb5 Ng4 12. O-O Nxe3 13. Bxc6+ bxc6 14. Qa4
O-O 15. Rfe1 Bc5 16. Nd1 Bg4 17. Nxe3 Bxf3 18. gxf3 Qg5+ 19. Qg4 Bxe3 20. Rxe3
Qd5 21. Qc4 Qb5 22. b3 Rac8 23. Rec3 Qa5 24. Qe2 g6 25. Rxc6 Qg5+ 26. Kh1 Qxc1+
27. Rxc1 Rxc1+ 28. Kg2 Rfc8 29. Qa6 R8c7 30. b4 R1c6 31. Qa5 a6 32. a4 Rc8 33.
Qd5 Rc4 34. Qb7 R4c6 35. Qd7 R6c7 36. Qd6 Rc6 37. Qd3 Re6 38. Qd7 Rb8 39. Qc7
Reb6 40. b5 R6b7 41. Qc6 axb5 42. axb5 Rxb5 43. Qc7 Rb2 44. Kg3 Re8 45. Qd7 Ree2
46. Qd8+ Kg7 47. Qd4+ f6 48. Qf4 Rxf2 49. Qc7+ Kh6 50. Qf4+ Kg7 51. Qc7+ Kf8 52.
Qd6+ Kf7 53. Qd7+ Kg8 54. Qd8+ Kg7 55. Qc7+ Kf8 56. Qd6+ Ke8 57. Qe6+ Kf8 58.
Qxf6+ Kg8 59. Qd8+ Kf7 60. Qd7+ Kf6 61. Qd6+ Kg7 62. Qe7+ Kh6 63. Qh4+ Kg7 64.
Qe7+ Kh6 65. Qh4+ Kg7 {Game drawn by mutual agreement} 1/2-1/2

[Event "Team 45 45 League T53"]
[Site "Internet Chess Club"]
[Date "2012.06.24"]
[Round "6"]
[White "dschesq"]
[Black "fireball"]
[Result "0-1"]
[WhiteElo "1583"]
[BlackElo "1729"]
[Opening "Réti opening"]
[ECO "A04"]
[Time "21:02:17"]
[TimeControl "2700+45"]

1. Nf3 h6 2. c4 g5 3. h3 Bg7 4. Nc3 d6 5. d3 Bf5 6. Be3 e5 7. d4 Nd7 8. g3 c5 9.
dxe5 Nxe5 10. Bg2 Qb6 11. Nd5 Qd8 12. O-O Ne7 13. Nxe5 Bxe5 14. Nxe7 Qxe7 15.
Qb3 Rb8 16. Kh2 g4 17. Rad1 gxh3 18. Bc6+ Kf8 19. f4 Bf6 20. Bf3 h5 21. Qb5 Qxe3
22. Rxd6 Qe7 23. Rfd1 Bg4 24. Qxc5 Kg7 25. Rxf6 Qxf6 26. Rd6 Qf5 27. Qd4+ Kg8
28. Be4 Qa5 29. Bd5 Be6 30. Rxe6 fxe6 31. Bxe6+ Kh7 32. Qf6 Rhf8 33. Qe7+ Kh8
34. Bd5 Rbe8 35. Qg5 Qc7 36. Qxh5+ Qh7 37. Qg4 Re7 38. e4 Rg7 39. Qf3 Qg6 40.
Kxh3 Rh7+ 41. Kg2 Qh6 42. Qc3+ Rg7 43. Kf3 Qh5+ 44. Kg2 Rxf4 45. Qxg7+ Kxg7 46.
gxf4 Qg4+ 47. Kf1 Qxf4+ 48. Ke2 Qh2+ {White resigns} 0-1

[Event "Team 45 45 League T53"]
[Site "Internet Chess Club"]
[Date "2012.06.23"]
[Round "6"]
[White "Rodin7"]
[Black "parpin"]
[Result "0-1"]
[WhiteElo "2006"]
[BlackElo "1945"]
[Opening "Réti opening"]
[ECO "A09"]
[Time "12:13:47"]
[TimeControl "2700+45"]

1. Nf3 d5 2. c4 Nf6 3. cxd5 Qxd5 4. Nc3 Qh5 5. d4 e6 6. e4 Bb4 7. Bd3 c5 8. a3
Ba5 9. Be3 cxd4 10. Nxd4 Bxc3+ 11. bxc3 Qa5 12. O-O O-O 13. Qc2 Ng4 14. Bd2 Nc6
15. Nxc6 bxc6 16. h3 Ne5 17. Be2 Rd8 18. c4 Rxd2 19. Qxd2 Qxd2 20. Rfd1 Qa5 21.
f4 Ng6 {White resigns} 0-1

[Event "Team 45 45 League T53"]
[Site "Internet Chess Club"]
[Date "2012.06.24"]
[Round "6"]
[White "perikitosax"]
[Black "jofer"]
[Result "0-1"]
[WhiteElo "1940"]
[BlackElo "2096"]
[Opening "King's Indian: orthodox, Aronin-Taimanov, bayonet attack"]
[ECO "E97"]
[Time "12:02:08"]
[TimeControl "2700+45"]

1. d4 Nf6 2. c4 g6 3. Nc3 Bg7 4. e4 d6 5. Nf3 O-O 6. Be2 e5 7. O-O Nc6 8. d5 Ne7
9. b4 Nh5 10. g3 f5 11. Ng5 Nf6 12. Bf3 h6 13. Ne6 Bxe6 14. dxe6 fxe4 15. Nxe4
Qc8 16. Qb3 Nxe4 17. Bxe4 c6 18. b5 Qxe6 19. bxc6 bxc6 20. Ba3 Kh7 21. Rad1 Rad8
22. Qa4 c5 23. Qa6 Qf6 24. Qxa7 Nf5 25. Bc1 Nd4 26. Qb7 Ne2+ 27. Kg2 Nc3 28. Rd2
Rb8 {White resigns} 0-1

[Event "Team 45 45 League T53"]
[Site "Internet Chess Club"]
[Date "2012.06.24"]
[Round "6"]
[White "TahoeSam"]
[Black "minke"]
[Result "1-0"]
[WhiteElo "1955"]
[BlackElo "1877"]
[Opening "Modern defense"]
[ECO "A40"]
[Time "15:30:44"]
[TimeControl "2700+45"]

1. d4 g6 2. e4 d6 3. Bd3 Bg7 4. c3 Nf6 5. Nf3 Bg4 6. h3 Bxf3 7. Qxf3 O-O 8. O-O
Nc6 9. Bg5 h6 10. Be3 Kh7 11. Nd2 e5 12. d5 Ne7 13. c4 Nd7 14. Nb3 f5 15. Bd2 f4
16. Be2 Nf6 17. Qd3 g5 18. c5 h5 19. Na5 Qc8 20. cxd6 cxd6 21. Nc4 Qd7 22. a4 g4
23. hxg4 hxg4 24. Qa3 Rad8 25. Ba5 b6 26. Bb4 Nc8 27. a5 Nh5 28. axb6 axb6 29.
Bd1 f3 30. g3 Nf6 31. Ne3 Bh6 32. Nf5 Bg5 33. Qd3 Qf7 34. Bd2 Qh5 35. Bxg5 Qxg5
36. Bc2 Qh5 37. Rfc1 Rh8 38. Ra8 Kg8 39. Nh4 Kf7 40. Qe3 Ne7 41. Ra7 Rd7 42.
Rca1 Ng6 43. Rxd7+ Nxd7 44. Ra7 Rd8 45. Ba4 Ke8 46. Qxb6 Nxh4 47. Qxd6 Qh7 48.
Bxd7+ Rxd7 49. Ra8+ Kf7 50. Rf8+ {Black resigns} 1-0

[Event "Team 45 45 League T53"]
[Site "Internet Chess Club"]
[Date "2012.06.26"]
[Round "6"]
[White "jjmolina"]
[Black "Beetlejuice"]
[Result "1-0"]
[WhiteElo "1938"]
[BlackElo "1789"]
[Opening "Sicilian: Taimanov (Bastrikov) variation"]
[ECO "B48"]
[Time "13:01:27"]
[TimeControl "2700+45"]

1. e4 c5 2. Nf3 e6 3. d4 cxd4 4. Nxd4 Nc6 5. Nc3 Qc7 6. Ndb5 Qb8 7. Be3 a6 8.
Nd4 Qc7 9. f3 b5 10. a3 Bb7 11. Nb3 b4 12. axb4 Nxb4 13. Ra4 d5 14. exd5 Qe5 15.
Kf2 Bxd5 16. Nxd5 Nxd5 17. Bd4 Qd6 18. Bb5+ Kd8 19. Bc5 Qb8 20. Bxf8 Qxb5 21.
Rd4 Ne7 22. c4 Qb6 23. Bxg7 Rg8 24. Be5 Nc6 25. Bf6+ Kc7 26. cxd5 Nxd4 27. Bxd4
Qb5 28. dxe6 fxe6 29. Qc2+ Kd6 30. Bc5+ Ke5 31. Re1+ Kf6 32. Bd4+ Ke7 33. Qc7+
Qd7 34. Bc5+ Ke8 35. Qe5 Kf7 36. Qh5+ Kg7 37. Bd4+ Kf8 38. Qh6+ Ke7 39. Qxh7+
Kd6 40. Be5+ Kc6 41. Rc1+ {Black resigns} 1-0

[Event "Team 45 45 League T53"]
[Site "Internet Chess Club"]
[Date "2012.06.26"]
[Round "6"]
[White "Matusalen"]
[Black "QueensCounselor"]
[Result "1-0"]
[WhiteElo "2142"]
[BlackElo "2081"]
[Opening "Queen's pawn game, Darooha variation "]
[ECO "D11"]
[Time "16:02:24"]
[TimeControl "2700+45"]

1. Nf3 d5 2. d4 Nf6 3. c4 c6 4. Qc2 dxc4 5. Qxc4 Bf5 6. g3 e6 7. Bg2 Be7 8. O-O
O-O 9. e3 Nbd7 10. Qe2 c5 11. Rd1 Rc8 12. Nc3 Qb6 13. e4 Bg4 14. Be3 Rfd8 15. h3
Bh5 16. Rac1 cxd4 17. Bxd4 Qa5 18. e5 Ne8 19. a3 b6 20. g4 Bg6 21. h4 h5 22. Nd2
hxg4 23. Nb3 {Black resigns} 1-0

[Event "Team 45 45 League T53"]
[Site "Internet Chess Club"]
[Date "2012.06.23"]
[Round "6"]
[White "SaltofLife"]
[Black "ben622"]
[Result "0-1"]
[WhiteElo "1948"]
[BlackElo "1955"]
[Opening "King's Indian: Torre attack"]
[ECO "A48"]
[Time "15:30:34"]
[TimeControl "2700+45"]

1. d4 Nf6 2. Nf3 g6 3. Bg5 Bg7 4. Nbd2 d5 5. e3 c5 6. c3 cxd4 7. cxd4 O-O 8. Be2
Nc6 9. O-O Qb6 10. Qb3 Qxb3 11. Nxb3 Ne4 12. Bf4 Bg4 13. h3 Bxf3 14. Bxf3 e5 15.
Bxe4 dxe4 16. dxe5 Nxe5 17. Nc5 Nd3 18. Nxe4 Nxf4 19. exf4 Rfe8 20. Nc3 Bxc3 21.
bxc3 Rac8 22. Rfc1 Rc4 23. Rab1 b6 24. f5 gxf5 25. Kf1 f4 26. Rb4 Rec8 27. Rxc4
Rxc4 28. Ke2 Kg7 29. Kd3 Ra4 30. Rc2 b5 31. f3 Kg6 32. Rb2 a6 33. Kc2 Kg5 34.
Kb3 Kh4 35. Rd2 Kg3 36. Kb2 Rc4 37. a3 Rc6 38. Kb3 Rc4 39. Rc2 Ra4 40. Rd2 Kh2
41. Re2 Kg1 42. Rd2 Kf1 43. Rb2 Rc4 44. Rc2 h5 45. h4 Kg1 46. Rd2 Kh2 47. Re2
Kg3 48. Rd2 Kxh4 49. Rd4 Kg3 50. Rxc4 bxc4+ 51. Kxc4 Kxg2 52. Kd5 h4 53. c4 h3
54. c5 h2 55. c6 h1=Q 56. c7 Qc1 57. Kd6 Kxf3 {White resigns} 0-1

[Event "Team 45 45 League T53"]
[Site "Internet Chess Club"]
[Date "2012.06.21"]
[Round "6"]
[White "fishhead"]
[Black "Gregorio"]
[Result "1-0"]
[WhiteElo "1962"]
[BlackElo "1794"]
[Opening "Ruy Lopez: Bird's defense"]
[ECO "C61"]
[Time "20:01:57"]
[TimeControl "2700+45"]

1. e4 e5 2. Nf3 Nc6 3. Bb5 Nd4 4. Nxd4 exd4 5. c3 Qg5 6. Bf1 Bc5 7. d3 Qf6 8. c4
Ne7 9. Be2 Qg6 10. O-O O-O 11. f4 f5 12. Nd2 d6 13. Kh1 fxe4 14. dxe4 Bb4 15. f5
Qf6 16. Nf3 h6 17. Nxd4 c5 18. Nb5 a6 19. Nxd6 Rd8 20. Bf4 Qxb2 21. Qd3 b5 22.
Bh5 Bb7 23. Qg3 Bc6 24. Be5 {Black resigns} 1-0

[Event "Team 45 45 League T53"]
[Site "Internet Chess Club"]
[Date "2012.06.24"]
[Round "6"]
[White "Pacini"]
[Black "BadHabitMarco"]
[Result "1/2-1/2"]
[WhiteElo "2150"]
[BlackElo "2246"]
[Opening "Sicilian: Alapin's variation (2.c3)"]
[ECO "B22"]
[Time "12:19:34"]
[TimeControl "2700+45"]

1. e4 c5 2. c3 d5 3. exd5 Qxd5 4. d4 Nf6 5. Nf3 e6 6. Be3 cxd4 7. cxd4 Nc6 8.
Nc3 Qd6 9. Bd3 a6 10. O-O Be7 11. Rc1 O-O 12. a3 Bd7 13. Bb1 Nd5 14. Qd3 f5 15.
Rfe1 Nxe3 16. Rxe3 Rae8 17. d5 exd5 18. Nxd5 Bd8 19. Rd1 Kh8 20. Qb3 Rxe3 21.
Nxe3 Qc7 {Game drawn by mutual agreement} 1/2-1/2

[Event "Team 45 45 League T53 u"]
[Site "Internet Chess Club"]
[Date "2012.06.24"]
[Round "6"]
[White "TerryMalloy"]
[Black "parpin"]
[Result "0-1"]
[WhiteElo "1988"]
[BlackElo "1945"]
[Opening "Caro-Kann: Tartakower (Nimzovich) variation"]
[ECO "B15"]
[Time "11:10:19"]
[TimeControl "2700+45"]

1. e4 c6 2. d4 d5 3. Nd2 dxe4 4. Nxe4 Nf6 5. Nxf6+ exf6 6. c3 Bd6 7. Bd3 O-O 8.
Qc2 g6 9. Ne2 Re8 10. h4 Bg4 11. f3 Bc8 12. h5 Qe7 13. Bh6 Bf5 14. Bxf5 gxf5 15.
Kf2 Na6 16. Rae1 Qe6 17. b3 Nc7 18. Ng3 Bxg3+ 19. Kxg3 Qd5 20. Kf2 Rxe1 21. Kxe1
c5 22. Rh3 Re8+ 23. Kf2 Ne6 24. Rg3+ Kh8 25. Qb2 f4 26. Rg4 f5 27. Rxf4 Nxf4 28.
Bxf4 f6 29. dxc5 Qxc5+ 30. Kf1 Qa5 31. h6 Kg8 32. Qc2 Kf7 33. Kg1 Qc5+ 34. Kh2
Rd8 35. c4 b5 36. b4 Qxc4 37. Qxf5 Qd3 38. Qh5+ Ke6 39. Qc5 Qd4 40. Qc7 Rd7 41.
Qb8 Kf7 42. a3 a6 43. Bg3 f5 44. Bf4 Qf6 45. Kh3 Rd1 46. Qc7+ Qe7 47. Qb8 Rh1+
48. Bh2 Qf6 49. Qc7+ Kg6 50. Qf4 Qg5 51. Qd6+ Kh5 52. g3 Qxh6 53. g4+ fxg4+ 54.
fxg4+ Kg5+ 55. Qxh6+ Kxh6 56. Kg2 Ra1 57. Bd6 Kg5 {White resigns} 0-1

[Event "Team 45 45 League T53"]
[Site "Internet Chess Club"]
[Date "2012.06.24"]
[Round "6"]
[White "Bubacik"]
[Black "ben622"]
[Result "1-0"]
[WhiteElo "2171"]
[BlackElo "1948"]
[Opening "Alekhine's defense: Sämisch attack"]
[ECO "B02"]
[Time "13:01:55"]
[TimeControl "2700+45"]

1. e4 Nf6 2. e5 Nd5 3. Nc3 Nxc3 4. dxc3 Nc6 5. Nf3 d6 6. Bb5 Bd7 7. Bf4 Nxe5 8.
Nxe5 dxe5 9. Bxd7+ Qxd7 10. Qxd7+ Kxd7 11. Bxe5 f6 12. O-O-O+ Kc6 13. Bg3 e5 14.
Rd3 Be7 15. Re1 Rhe8 16. Re4 Bd6 17. Rc4+ Kd7 18. Rb4 Kc6 19. Rc4+ Kd7 20. Rb4
b6 21. Rh4 h6 22. Re4 Kc6 23. Re1 e4 24. Rd4 Bxg3 25. hxg3 f5 26. Red1 Re7 27.
Kd2 Rf8 28. b3 Rf6 29. Ke2 Rd6 30. Ke3 g5 31. Rxd6+ cxd6 32. c4 Re5 33. Rh1 Re6
34. Kd4 e3 35. fxe3 Re4+ 36. Kd3 Rg4 37. Rh3 b5 38. cxb5+ Kxb5 39. Ke2 Kb4 40.
Rxh6 Rxg3 41. Kf2 f4 42. exf4 gxf4 43. Rxd6 Rc3 44. Rd4+ Ka3 45. Rc4 {Black
resigns} 1-0

[Event "Team 45 45 League T53"]
[Site "Internet Chess Club"]
[Date "2012.06.22"]
[Round "6"]
[White "Warren"]
[Black "chess9793"]
[Result "1-0"]
[WhiteElo "2228"]
[BlackElo "2143"]
[Opening "Sicilian defense"]
[ECO "B33"]
[Time "23:06:56"]
[TimeControl "2700+45"]

1. e4 c5 2. Nf3 Nc6 3. d4 cxd4 4. Nxd4 Nf6 5. Nc3 g6 6. Nxc6 bxc6 7. e5 Ng8 8.
Bc4 Bg7 9. Bf4 Qa5 10. Qf3 e6 11. O-O Bxe5 12. Rfe1 Bxf4 13. Qxf4 Kf8 14. Ne4
Kg7 15. Nd6 f6 16. Ne8+ Kf7 17. Nc7 Rb8 18. Nxe6 Rb4 19. Nd8+ Kg7 20. Nf7 Qc5
21. Nd6 g5 22. Ne8+ Kf8 23. Qd6+ Qxd6 24. Nxd6 Ne7 25. Bb3 Rd4 26. Rxe7 Rxd6 27.
Rae1 Re6 28. R1xe6 dxe6 29. Rxa7 Ke8 30. Ba4 Bd7 31. Ra8+ {Black resigns} 1-0

[Event "Team 45 45 League T53"]
[Site "Internet Chess Club"]
[Date "2012.06.24"]
[Round "6"]
[White "HiddenDeath"]
[Black "steadman"]
[Result "1/2-1/2"]
[WhiteElo "2068"]
[BlackElo "2198"]
[Opening "French: classical, Steinitz variation"]
[ECO "C14"]
[Time "20:00:05"]
[TimeControl "2700+45"]

1. e4 e6 2. d4 d5 3. Nc3 Nf6 4. Bg5 Be7 5. e5 Nfd7 6. Bxe7 Qxe7 7. f4 O-O 8. Nf3
c5 9. dxc5 Nc6 10. Qd2 Nxc5 11. O-O-O a6 12. Qe3 b5 13. Kb1 b4 14. Ne2 a5 15.
Ned4 Nxd4 16. Nxd4 Bd7 17. h4 a4 18. Bd3 b3 19. a3 bxc2+ 20. Bxc2 Rab8 21. Ka1
Rb6 22. Rb1 Rfb8 23. g4 Ne4 24. g5 Be8 25. h5 Qb7 26. Bxe4 dxe4 27. Rh2 Bb5 28.
Nxb5 Rxb5 29. Re2 Rb3 30. Qxe4 Qd7 31. Rc2 Rd3 32. Rbc1 Rd8 33. Rc7 Qb5 34. Rc8
Rd2 35. Rxd8+ Rxd8 36. Qc4 Qd7 37. g6 hxg6 38. hxg6 fxg6 39. Rc3 Qd1+ 40. Ka2
Qd7 41. Qc6 Qxc6 42. Rxc6 Rd4 43. Rxe6 Kf7 44. Ra6 Rxf4 45. Ra7+ Ke6 46. Rxg7
Rg4 47. Rb7 Kxe5 48. Kb1 Rc4 49. Ka2 g5 50. b4 g4 51. Kb2 g3 52. Rg7 Kf4 53. Rg6
Kf3 54. b5 Rc5 55. b6 g2 56. Rf6+ Ke2 57. Re6+ Kf1 58. Rf6+ Kg1 59. Ka2 Rb5 60.
Rh6 Rb3 61. Rf6 Kh2 62. Rh6+ Kg3 63. Rg6+ Kf2 64. Rf6+ Kg1 65. Rh6 {Game drawn
by mutual agreement} 1/2-1/2

[Event "Team 45 45 League T53"]
[Site "Internet Chess Club"]
[Date "2012.06.25"]
[Round "6"]
[White "NFork"]
[Black "Rodin7"]
[Result "0-1"]
[WhiteElo "2139"]
[BlackElo "2029"]
[Opening "Queen's pawn game, Darooha variation "]
[ECO "D11"]
[Time "13:04:41"]
[TimeControl "2700+45"]

1. Nf3 d5 2. d4 Nf6 3. c4 c6 4. Qc2 e6 5. g3 Bd6 6. Bg2 Nbd7 7. O-O O-O 8. Rd1
Ne4 9. Nbd2 f5 10. b3 Ndf6 11. Nxe4 Nxe4 12. Ne1 Qe8 13. Nd3 Bd7 14. Bf4 Bxf4
15. Nxf4 Qe7 16. Nd3 Be8 17. b4 a6 18. a4 Nd6 19. Ne5 Nf7 20. Nd3 Nd6 21. Ne5
Nf7 22. Nxf7 Qxf7 23. e3 Qe7 24. Rab1 f4 25. exf4 Bg6 26. Qe2 Bxb1 27. Rxb1 Qf6
28. Rd1 Rad8 29. c5 g6 30. Bh3 Rfe8 31. Qb2 Re7 32. Re1 Rde8 33. Re5 Kg7 34. Qe2
h6 35. Bf1 Rf7 36. h4 Qe7 37. Qg4 Rf5 38. Re3 Qf6 39. Qd1 Qf7 40. Bd3 Rf6 41. h5
gxh5 42. Re5 Kh8 43. Rxh5 Rg8 44. Qe2 Rg7 45. Kf1 Kg8 46. Qf3 Kf8 47. Qh1 Ke7
48. Re5 Kd7 49. Ke2 Rg8 50. Kd2 Kc7 51. Qh2 Kc8 52. Kc3 Rh8 53. Qh1 h5 54. Qh4
Rfh6 55. f5 exf5 56. Bxf5+ Kb8 57. Qf4 Ka8 58. b5 cxb5 59. axb5 axb5 60. Qe3 h4
61. gxh4 Rxh4 62. Kb2 Rh2 63. Kb3 Qf6 64. Kb4 Qa6 65. Bc2 R2h3 66. f3 Ka7 67.
Re6 Qa1 68. Qf4 R3h4 69. Qe3 Rxd4+ 70. Kb3 Qa4+ 71. Kb2 Rh2 72. Ra6+ Kxa6 73.
Qe6+ Ka5 {White resigns} 0-1

[Event "Team 45 45 League T53"]
[Site "Internet Chess Club"]
[Date "2012.06.25"]
[Round "6"]
[White "AntMantis"]
[Black "PoisonPawn"]
[Result "1-0"]
[WhiteElo "2065"]
[BlackElo "2005"]
[Opening "QGD semi-Slav: Stoltz variation"]
[ECO "D45"]
[Time "20:36:02"]
[TimeControl "2700+45"]

1. d4 d5 2. c4 c6 3. Nf3 Nf6 4. Nc3 e6 5. e3 Nbd7 6. Qc2 Bd6 7. g4 Bb4 8. Bd3 e5
9. cxd5 exd4 10. exd4 Nxd5 11. O-O N7b6 12. Re1+ Be7 13. Bxh7 Bxg4 14. Ne5 Be6
15. Bf5 Bxf5 16. Qxf5 O-O 17. Ne4 Qc8 18. Qh5 Nf6 19. Nxf6+ Bxf6 20. Re3 g6 21.
Nxg6 fxg6 22. Qxg6+ Bg7 23. Re7 Qf5 24. Qxg7# {Black checkmated} 1-0

[Event "Team 45 45 League T53"]
[Site "Internet Chess Club"]
[Date "2012.06.25"]
[Round "6"]
[White "Ptzz"]
[Black "lacibacsi"]
[Result "0-1"]
[WhiteElo "2036"]
[BlackElo "2055"]
[Opening "English, 1...Nf6 (Anglo-Indian defense)"]
[ECO "A15"]
[Time "15:00:26"]
[TimeControl "2700+45"]

1. c4 Nf6 2. g3 g6 3. Bg2 Bg7 4. Nc3 O-O 5. d3 d6 6. Bg5 h6 7. Bd2 Nc6 8. e4 Nd4
9. Nge2 Bg4 10. O-O Nf3+ 11. Bxf3 Bxf3 12. h3 Qd7 13. Kh2 Ng4+ 14. Kg1 Ne5 15.
Kh2 Nxd3 16. Qc2 Ne5 17. Ng1 g5 18. Nd5 e6 19. Ne3 Qc6 20. Nxf3 Nxf3+ 21. Kg2
Nxd2 22. Qxd2 Qxe4+ 23. f3 Qd4 24. Qxd4 Bxd4 25. Ng4 f5 26. Nf2 e5 27. Rab1 Rae8
28. g4 e4 29. gxf5 exf3+ 30. Kg3 Bxf2+ 31. Rxf2 Rxf5 32. Rxf3 Rxf3+ 33. Kxf3 Kf7
34. b4 Re5 35. a4 Kf6 36. a5 b6 37. axb6 axb6 38. Ra1 Rf5+ 39. Kg3 Rf4 40. Rc1
Ke6 41. Re1+ Kd7 42. Rc1 b5 {White resigns} 0-1

[Event "Team 45 45 League T53"]
[Site "Internet Chess Club"]
[Date "2012.06.24"]
[Round "6"]
[White "Uwak"]
[Black "eurander"]
[Result "1-0"]
[WhiteElo "2472"]
[BlackElo "2122"]
[Opening "Caro-Kann: Panov-Botvinnik attack"]
[ECO "B13"]
[Time "11:05:43"]
[TimeControl "2700+45"]

1. e4 c6 2. d4 d5 3. exd5 cxd5 4. c4 Nf6 5. Nc3 Nc6 6. Nf3 Bg4 7. cxd5 Nxd5 8.
Qb3 Bxf3 9. gxf3 Nb6 10. Be3 e6 11. Rg1 g6 12. O-O-O Be7 13. h4 Qc7 14. h5 Rd8
15. Rh1 O-O 16. Kb1 Nd5 17. Nxd5 Rxd5 18. Qc2 Qa5 19. hxg6 hxg6 20. Bc4 Rd6 21.
Rdg1 Bf6 22. Rxg6+ fxg6 23. Qxg6+ Bg7 24. Bd3 Rf5 25. Qe8+ Bf8 26. Rg1+ Kh8 27.
Qg6 {Black resigns} 1-0

[Event "Team 45 45 League T53"]
[Site "Internet Chess Club"]
[Date "2012.06.21"]
[Round "6"]
[White "SlimeDog2"]
[Black "searchforbobby1"]
[Result "0-1"]
[WhiteElo "2159"]
[BlackElo "2159"]
[Opening "Dutch"]
[ECO "A80"]
[Time "21:05:07"]
[TimeControl "2700+45"]

1. d4 f5 2. Nf3 Nf6 3. c4 e6 4. Nc3 Be7 5. Qc2 O-O 6. e4 fxe4 7. Nxe4 Nc6 8. a3
Nxe4 9. Qxe4 d5 10. Qc2 Rxf3 11. gxf3 Nxd4 12. Qd1 e5 13. Be3 c5 14. Rc1 Be6 15.
f4 Qa5+ 16. Bd2 Qb6 17. fxe5 dxc4 18. Bc3 Qc6 19. Bxd4 Qxh1 20. Bc3 Rf8 {White
resigns} 0-1

[Event "Team 45 45 League T53"]
[Site "Internet Chess Club"]
[Date "2012.06.23"]
[Round "6"]
[White "Burning-Bush"]
[Black "vnchess"]
[Result "1-0"]
[WhiteElo "2017"]
[BlackElo "2028"]
[Opening "Old Benoni defense"]
[ECO "A43"]
[Time "19:14:02"]
[TimeControl "2700+45"]

1. d4 c5 2. d5 b5 3. e4 b4 4. g3 d6 5. Bg2 Nf6 6. Ne2 g6 7. O-O Bg7 8. a3 O-O 9.
axb4 cxb4 10. h3 a5 11. c3 Ba6 12. Re1 Nbd7 13. Nd4 Nc5 14. Nc6 Qd7 15. Rxa5
bxc3 16. Nxc3 Bc4 17. e5 Ne8 18. Rxa8 {Black resigns} 1-0

[Event "Team 45 45 League T53"]
[Site "Internet Chess Club"]
[Date "2012.06.21"]
[Round "6"]
[White "gareth"]
[Black "chiiwen"]
[Result "1-0"]
[WhiteElo "2185"]
[BlackElo "2162"]
[Opening "Richter-Veresov attack"]
[ECO "D01"]
[Time "12:08:31"]
[TimeControl "2700+45"]

1. d4 d5 2. Nc3 Nf6 3. Bg5 c6 4. Qd3 Nbd7 5. Nf3 Qc7 6. e3 e5 7. Bxf6 gxf6 8. e4
Bb4 9. exd5 cxd5 10. O-O-O Bxc3 11. Qxc3 Qxc3 12. bxc3 e4 13. Nd2 Nb6 14. f3
exf3 15. Nxf3 Be6 16. Bd3 Rc8 17. Kd2 Ke7 18. Rhe1 Kd6 19. Rb1 Rc7 20. Rb3 h6
21. Reb1 Rg8 22. Nh4 Rg5 23. Rf1 Ke7 24. g3 Nc8 25. Ng2 Nd6 26. Re1 Kd7 27. Nf4
a6 28. Rb6 Rc8 29. a4 a5 30. Rbb1 h5 31. Re2 h4 32. gxh4 Rg4 33. Rf1 Rxh4 34.
Nxe6 fxe6 35. Rxf6 Ne4+ 36. Bxe4 dxe4 37. Rf7+ Kd6 38. Rxb7 Rc4 39. Rb6+ Ke7 40.
Rb7+ Kd6 41. Rg2 Rxa4 42. Rb6+ Ke7 43. Rg7+ Kf6 44. Rbb7 Rxh2+ 45. Kc1 e5 46. d5
{Black resigns} 1-0